 Dungeon Crawl Stone Soup version 0.23.0 (webtiles) character file.

Game seed: 7221671836033819241

9606 GORGAWROTH the Fighter (level 11, 0/139 HPs)
             Began as a Formicid Fighter on Feb 5, 2019.
             Was a High Priest of the Shining One.
             Slain by a very large slime creature (27 damage)
             ... on level 12 of the Dungeon on Feb 9, 2019.
             The game lasted 01:37:26 (10004 turns).

GORGAWROTH the Fighter (Formicid Fighter)          Turns: 10004, Time: 01:37:28

Health: 0/139      AC: 25    Str: 22    XL:     11   Next: 77%
Magic:  1/13       EV:  2    Int:  8    God:    the Shining One [*****.]
Gold:   304        SH: 11    Dex: 12    Spells: 10/10 levels left

rFire    . . .     SeeInvis .   F - +3 dire flail
rCold    . . .     Gourm    .   c - +0 shield
rNeg     + + +     Faith    .   (armour currently unavailable)
rPois    +         Spirit   .   (helmet unavailable)
rElec    .         Reflect  .   (cloak currently unavailable)
rCorr    .         Harm     .   (gloves currently unavailable)
MR       ++...                  (boots currently unavailable)
Stlth    +.........             (no amulet)
HPRegen  0.33/turn              m - ring of protection from magic
MPRegen  0.13/turn              j - +3 ring of evasion

@: tree-form, glowing
A: permanent stasis, dig shafts and tunnels, four strong arms
a: Divine Shield, Cleansing Flame, Summon Divine Warrior, Renounce Religion


You were on level 12 of the Dungeon.
You worshipped the Shining One.
The Shining One was extremely pleased with you.
You were not hungry.
You were a tree.
You visited 4 branches of the dungeon, and saw 15 of its levels.

You collected 564 gold pieces.
You spent 260 gold pieces at shops.

Inventory:

Hand Weapons
 a - a +4 flail
 i - a cursed +0 blowgun
 w - a +0 shortbow
 C - a +0 giant club
 F - a +3 dire flail (weapon)
 H - a +0 giant club
 J - a +0 spear
 R - a +1 shortbow of flaming
 T - a +2 shortbow of velocity
Missiles
 e - 5 needles of confusion
 k - 154 stones (quivered)
 p - 201 arrows
 r - 38 poisoned needles
Armour
 c - a +0 shield (worn)
 n - a +1 plate armour (melded)
 o - a +0 cloak
 t - a +1 pair of gloves (melded)
 x - the cursed +0 chain mail of the Illusory Stars {+Inv rPois Int+7 Dex-2}
   (You found it on level 4 of the Dungeon)

   It affects your intelligence (+7).
   It affects your dexterity (-2).
   It protects you from poison.
   It lets you turn invisible.
   It has a curse placed upon it.
 y - a +0 plate armour
 B - a +2 robe of positive energy
 P - a scarf of spirit shield (melded)
 Q - a +0 troll leather armour
 U - the +1 pair of boots "Egial" (melded) {rN+ rCorr Int-4}
   (You found it on level 11 of the Dungeon)

   It affects your intelligence (-4).
   It protects you from negative energy.
   It provides partial protection from all sources of acid and corrosion.
Jewellery
 j - a +3 ring of evasion (right branch)
 m - a ring of protection from magic (left branch)
 q - an uncursed ring of stealth
 v - a +3 ring of dexterity
 I - an uncursed ring of resist corrosion
 N - an uncursed ring of magical power
Wands
 b - a wand of scattershot (5)
 G - a wand of polymorph (4)
 M - a wand of digging (6)
 O - a wand of iceblast (17)
Scrolls
 g - 2 scrolls of identify
 l - 7 scrolls of remove curse
 s - 2 scrolls of fear
 z - 3 scrolls of immolation
 E - a scroll of magic mapping
Potions
 d - 4 potions of might
 h - 2 potions of lignification
 u - 3 potions of curing
 A - a potion of cancellation
 L - a potion of agility
 S - a potion of ambrosia
Miscellaneous
 K - a sack of spiders
Comestibles
 f - 24 rations
 V - a chunk of flesh


   Skills:
 + Level 11.1 Fighting
 * Level 9.7 Maces & Flails
 + Level 7.3 Armour
 + Level 5.0 Dodging
 - Level 1.5 Stealth
 - Level 9.0 Shields
 - Level 3.8 Invocations


You had 10 spell levels left.
You didn't know any spells.
Your spell library contained the following spells:

 Spells                   Type           Power        Failure   Level  Hunger
 Animate Skeleton         Necr           N/A          41%         1    ##.....
 Apportation              Tloc           #.....       41%         1    ##.....
 Confusing Touch          Hex            #.....       41%         1    ##.....
 Infusion                 Chrm           #...         41%         1    ##.....
 Summon Small Mammal      Summ           #...         41%         1    ##.....
 Shroud of Golubria       Chrm/Tloc      #.........   54%         2    ###....
 Song of Slaying          Chrm           #.......     54%         2    ###....
 Regeneration             Chrm/Necr      #.........   78%         3    ####...
 Spectral Weapon          Hex/Chrm       #.......     78%         3    ####...


Dungeon Overview and Level Annotations

Branches:
Dungeon (12/15)            Temple (1/1) D:4            Lair (1/6) D:8
    Orc (1/2) D:9

Altars:
Ashenzari
Cheibriados
Dithmenos
Elyvilon
Fedhas
Gozag
Hepliaklqana
Kikubaaqudgha
Makhleb
Nemelex Xobeh
Okawaru
Qazlal
Ru
Sif Muna
Trog
Uskayaw
Vehumet
Wu Jian
Xom
Yredelemnul
Zin
The Shining One

Shops:
D:8 }   D:9 :


Innate Abilities, Weirdness & Mutations

You cannot be hasted, slowed, berserked, paralysed or teleported.
You can dig through walls and to a lower floor.
Your four strong arms can wield two-handed weapons with a shield.
((You have a pair of large antennae on your head. (SInv)))


Message History

You puncture the very large slime creature!
The very large slime creature is almost dead.
The very large slime creature hits you!!
* * * LOW HITPOINT WARNING * * *
You hit the very large slime creature.
The very large slime creature is almost dead.
You feel much better. The very large slime creature hits you!
* * * LOW HITPOINT WARNING * * *
Okay, then.
Really quaff the potion of lignification?
Uppercase [Y]es or [N]o only, please.
Really quaff the potion of lignification?
You turn into a tree.
Your scarf of spirit shield melds into your body.
Your +1 pair of gloves melds into your body.
The +1 pair of boots "Egial" {rN+ rCorr Int-4} melds into your body.
Your +1 plate armour melds into your body.
You feel strangely alone.
Your roots penetrate the ground.
The very large slime creature hits you!!
You die...

### #<# #.#
#.# #.# #.#
#.# #.######
#..♣JYY#
######J.....
..... { ...J
... .. .


You could see a very large slime creature, a slime creature and 2 yaks.

Vanquished Creatures
  A cyclops (D:11)
  A centaur zombie (D:10)
  A komodo dragon (D:8)
  2 hornets
  A shadow (D:11)
  2 wyverns
  9 yaks
  Grum (D:8)
  2 hungry ghosts
  2 soldier ants (D:9)
  A porcupine (D:8)
  4 orc warriors
  An ice beast (D:11)
  2 phantoms
  2 sky beasts
  A black bear (D:11)
  5 ogres
  3 wolves (D:8)
  8 centaurs
  Blork the orc (D:6)
  7 bullfrogs
  5 scorpions
  The ghost of Tramtrist the Covered, a weakling DDFi (D:4)
  10 wights (D:11)
  4 killer bees (D:11)
  2 bullfrog zombies
  An electric eel (D:11)
  7 crimson imps
  A howler monkey (D:4)
  3 quasits
  4 hounds
  A jelly (D:11)
  2 bullfrog skeletons
  8 orc priests
  2 gnoll shamans
  2 centaur skeletons
  11 orc wizards
  7 iguanas
  5 worker ants
  8 gnolls
  10 adders
  3 shadow imps
  An ooze (D:1)
  An adder zombie (D:5)
  An adder skeleton (D:4)
  A worm (D:3)
  3 dart slugs
  2 leopard geckos
  42 orcs
  4 giant cockroaches
  5 goblins
  7 hobgoblins
  5 jackals
  10 kobolds
  6 quokkas
  2 ball pythons
  A bat (D:1)
  8 frilled lizards
  A quokka skeleton (D:5)
  A quokka zombie (D:6)
  5 rats
260 creatures vanquished.

Notes
Turn   | Place    | Note
-------+----------+-------------------------------------------
     0 | D:1      | GORGAWROTH the Formicid Fighter began the quest for the
                  | Orb.
     0 | D:1      | Reached XP level 1. HP: 18/18 MP: 1/1
     5 | D:1      | Upgraded the game from 0.23-b1-67-g8bd44de to
                  | 0.23-b1-70-gd12f7cf
     5 | D:1      | Upgraded the game from 0.23-b1-70-gd12f7cf to 0.23.0
   128 | D:1      | Reached XP level 2. HP: 24/24 MP: 2/2
   488 | D:1      | Reached XP level 3. HP: 27/29 MP: 3/3
   932 | D:2      | Reached skill level 1 in Stealth
   932 | D:2      | Reached XP level 4. HP: 36/37 MP: 4/4
  1172 | D:2      | Reached skill level 4 in Fighting
  1243 | D:2      | Reached XP level 5. HP: 40/42 MP: 5/5
  1602 | D:3      | Found a glowing golden altar of the Shining One.
  1641 | D:3      | Found a faded altar of an unknown god.
  2642 | D:4      | Found a staircase to the Ecumenical Temple.
  2652 | D:4      | Reached skill level 5 in Shields
  2652 | D:4      | Reached XP level 6. HP: 40/49 MP: 6/6
  2730 | D:4      | Reached skill level 5 in Fighting
  2769 | D:4      | Reached XP level 7. HP: 33/56 MP: 7/7
  2909 | Temple   | Entered the Ecumenical Temple
  3125 | D:3      | Became a worshipper of the Shining One
  3197 | D:4      | Found a sparkling altar of Nemelex Xobeh.
  3247 | D:4      | Got a dazzling chain mail
  3328 | D:4      | Noticed Tramtrist's ghost (weakling DDFi)
  3347 | D:4      | Found a transporter.
  3507 | D:4      | Found a transporter.
  3649 | D:4      | Killed Tramtrist's ghost
  3649 | D:4      | Reached skill level 6 in Fighting
  3695 | D:5      | Entered Level 5 of the Dungeon
  3725 | D:5      | Reached * piety under the Shining One
  3892 | D:5      | Reached XP level 8. HP: 64/64 MP: 8/8
  3907 | D:5      | Reached skill level 1 in Invocations
  4304 | D:5      | Reached skill level 7 in Fighting
  4660 | D:6      | Reached XP level 9. HP: 64/72 MP: 11/11
  4765 | D:6      | Noticed Blork the orc
  4772 | D:6      | Reached ** piety under the Shining One
  4779 | D:6      | Killed Blork the orc
  4779 | D:6      | Reached skill level 5 in Maces & Flails
  5030 | D:7      | Identified the cursed +0 chain mail of the Illusory Stars
                  | {+Inv rPois Int+7 Dex-2} (You found it on level 4 of the
                  | Dungeon)
  5047 | D:7      | Found an opulent altar of Gozag.
  5078 | D:7      | Reached skill level 8 in Fighting
  5111 | D:7      | Found an ancient bone altar of Kikubaaqudgha.
  5111 | D:7      | Found a shadowy altar of Dithmenos.
  5404 | D:7      | Reached skill level 1 in Dodging
  6104 | D:8      | Found a staircase to the Lair.
  6117 | D:8      | Noticed Grum
  6136 | D:8      | Reached skill level 9 in Fighting
  6136 | D:8      | Reached XP level 10. HP: 41/83 MP: 12/12
  6146 | D:8      | Killed Grum
  6474 | D:8      | Found Geulen's Gadget Shop.
  6493 | D:8      | Bought a sack of spiders for 260 gold pieces
  6655 | Lair:1   | Entered Level 1 of the Lair of Beasts
  6655 | Lair:1   | Noticed a komodo dragon
  6659 | Lair:1   | Noticed a komodo dragon
  6666 | D:8      | Reached skill level 5 in Armour
  6668 | D:8      | Killed a komodo dragon
  6836 | D:9      | Found a stormy altar of Qazlal.
  6889 | D:9      | Reached *** piety under the Shining One
  6903 | D:9      | Found Horchaan's Book Shop.
  7133 | D:9      | Reached skill level 10 in Fighting
  7532 | D:9      | Found a staircase to the Orcish Mines.
  7542 | Orc:1    | Entered Level 1 of the Orcish Mines
  7542 | Orc:1    | Noticed an ettin
  7594 | D:10     | Entered Level 10 of the Dungeon
  8739 | D:10     | Reached **** piety under the Shining One
  8739 | D:10     | Reached XP level 11. HP: 88/92 MP: 11/13
  8988 | D:11     | Noticed a cyclops
  9003 | D:11     | Killed a cyclops
  9485 | D:11     | Reached skill level 11 in Fighting
  9523 | D:11     | Got a pair of steaming boots
  9529 | D:11     | Identified the +1 pair of boots "Egial" {rN+ rCorr Int-4}
                  | (You found it on level 11 of the Dungeon)
  9635 | D:11     | Reached ***** piety under the Shining One
  9976 | D:12     | Reached skill level 5 in Dodging
 10004 | D:12     | Slain by a very large slime creature

Skill      XL: |  1  2  3  4  5  6  7  8  9 10 11 |
---------------+----------------------------------+-----
Shields        | 4 5 6 8 9 |  9.0
Stealth        | 1 |  1.5
Fighting       | 4 5 6 7 9 10 11 | 11.1
Maces & Flails | 3 4 6 8 9 |  9.7
Invocations    | 2 3 |  3.8
Armour         | 4 6 7 |  7.3
Dodging        | 1 3 5 |  5.0

Action                   |  1- 3 |  4- 6 |  7- 9 | 10-12 || total
-------------------------+-------+-------+-------+-------++-------
Melee: Flail             |    75 |   240 |   221 |       ||   536
       Dire flail        |       |       |    71 |   372 ||   443
Invok: Divine Shield     |       |       |     1 |       ||     1
 Abil: Dig               |       |     1 |     3 |     1 ||     5
  Use: Potion            |     1 |     3 |     5 |     9 ||    18
       Scroll            |       |     6 |     9 |     8 ||    23
  Eat: Chunk             |       |     3 |     8 |     6 ||    17
       Ration            |       |     1 |     2 |     2 ||     5
Armor: Scale mail        |    37 |       |       |       ||    37
       Plate armour      |       |   133 |   111 |    89 ||   333
Dodge: Dodged            |    17 |    65 |    80 |   102 ||   264
Block: Shield            |    28 |   137 |   193 |   183 ||   541
